Map: Dusty Gorge

Players

MonstroTown

  • Race: Terran Terran
  • Spawn Location: 3:00

Michael

  • Race: Zerg Zerg
  • League: Gold
  • Spawn Location: 5:00

Totoro

  • Race: Zerg Zerg
  • League: Master
  • Spawn Location: 9:00

Axdii

  • Race: Terran Terran
  • League: Silver
  • Spawn Location: 11:00

VOD

Have the link to the VOD?

Description

Time

  • Played on: Sept. 16, 2018, 12:02 p.m.
  • Length: 12:18
Show
View Real Time Build Order
Export as new Build Order

MonstroTown Terran 

Build Orders: MMM Bio 

Get SALT Encoding   

  12  0:01  SCV  
  13  0:13  SCV  
  14  0:19  Supply Depot  
  14  0:25  SCV  
  15  0:40  SCV  
  15  0:42  Barracks  
  16  0:52  SCV  
  17  1:01  Barracks  
  17  1:04  SCV  
  18  1:17  SCV  
  19  1:23  Supply Depot  
  19  1:29  SCV  
  19  1:31  Marine  
  21  1:43  Orbital Command  
  21  1:50  Marine  
  21  1:51  Marine  
  23  2:05  Command Center  
  23  2:08  Marine  
  24  2:10  SCV  
  25  2:17  Refinery  
  25  2:20  Marine  
  26  2:35  Marine  
  27  2:41  Refinery, Barracks  
  27  2:44  Marine  
  27  2:48  Barracks  
  28  2:52  Marine  
  28  2:54  SCV  
  28  3:22  SCV  
  28  3:23  Orbital Command  
  29  3:29  Factory  
  29  3:30  Barracks Tech Lab  
  29  3:35  SCV, Supply Depot  
  30  3:50  Marauder  
  30  3:55  Marine  
  33  4:00  Stimpack  
  33  4:05  SCV x2  
  35  4:10  Barracks Reactor  
  36  4:17  SCV  
  36  4:33  Marine x2  
  36  4:34  Marauder  
  40  4:42  Starport  
  29  5:04  Liberator, Supply Depot  
  29  5:06  Marine x3  
  31  5:07  Marauder  
  31  5:10  Marine  
  34  5:16  SCV  
  34  5:17  SCV  
  34  5:19  Barracks  
  36  5:25  Marine x3  
  42  5:33  Supply Depot  
  42  5:34  SCV x2  
  44  5:41  Widow Mine  
  46  5:49  Marine x2  
  46  5:50  Marine x3  
  51  6:01  SCV x2  
  53  6:05  Engineering Bay  
  53  6:06  Engineering Bay  
  53  6:07  Marine  
  54  6:13  SCV  
  55  6:31  Marine x3  
  55  6:32  Marine  
  59  6:33  Combat Shields  
  59  6:35  SCV x2  
  59  6:38  Terran Infantry Armor Level 1, Terran Infantry Weapons Level 1  
  61  6:46  Command Center  
  61  6:47  Supply Depot  
  61  6:49  Starport Tech Lab, Supply Depot x2, Marine x2  
  61  6:50  Marine  
  64  7:06  Marine x3  
  64  7:07  Marine  
  68  7:10  Banshee  
  68  7:11  Marine x2  
  73  7:24  Marine x2  
  75  7:32  Missile Turret  
  75  7:33  Missile Turret  
  75  7:35  Missile Turret  
  75  7:36  Missile Turret  
  75  7:47  Missile Turret  
  75  7:53  Viking  
  75  7:56  Marine x4  
  75  7:57  Marauder  
  83  8:07  Marine  
  84  8:14  Marine x2  
  83  8:42  Marine x5  
  83  8:47  Raven  
  90  9:01  Marine x3  
  88  9:13  Orbital Command  
  88  9:15  Missile Turret  
  88  9:16  Missile Turret  
  88  9:19  Missile Turret, Concussive Shells  
  88  9:20  Missile Turret  
  88  9:21  Marauder  
  88  9:22  Armory  
  90  9:38  Marine x4  
  90  9:41  SCV x2  
  90  9:42  Marauder  
  98  9:46  Supply Depot x2  
  98  9:48  Marine, Refinery x2  
  98  9:50  Factory Tech Lab  
  98  9:51  Supply Depot, Banshee  
  102  10:04  Marauder  
  102  10:07  SCV x2  
  102  10:08  SCV  
  105  10:19  SCV  
  106  10:26  Marine x2  
  106  10:27  Marine  
  87  10:42  Barracks  
  87  10:44  Barracks  
  87  10:45  Barracks  
  87  10:48  Barracks x2  
  87  10:50  Barracks  
  74  11:03  Marine x3  
  74  11:04  Marine x3  
  58  11:06  Banshee  
  49  11:21  Marine x3  
  49  11:22  Marine x3  
  55  11:33  Marine x2  
  55  11:38  Bunker  
  55  11:39  Bunker, Marine x5  
  61  11:40  Marine x2  
  61  11:41  Bunker  
  61  11:42  Bunker  
  64  11:53  Marine x3  
  64  11:54  Marine  
Show
View Real Time Build Order
Export as new Build Order

Michael Zerg 

Build Orders: Hatch First 

Get SALT Encoding   

  12  0:01  Drone  
  13  0:13  Overlord  
  13  0:18  Drone  
  14  0:31  Drone x2  
  14  0:35  Drone  
  17  0:46  Drone  
  18  0:59  Drone, Hatchery  
  18  1:07  Extractor, Drone  
  18  1:19  Spawning Pool  
  18  1:22  Drone  
  18  1:28  Drone  
  19  1:39  Drone  
  20  1:49  Overlord  
  20  2:05  Queen  
  22  2:11  Metabolic Boost  
  22  2:12  Queen  
  22  2:14  Zergling x4  
  22  2:15  Zergling x2  
  27  2:22  Drone  
  28  2:24  Drone  
  28  2:28  Extractor  
  28  2:38  Roach Warren, Drone  
  28  2:42  Drone  
  29  2:46  Drone  
  29  2:48  Drone  
  31  2:54  Drone  
  32  2:59  Overlord  
  32  3:06  Drone  
  32  3:07  Drone  
  34  3:14  Overlord  
  34  3:19  Lair  
  34  3:28  Queen  
  34  3:32  Drone  
  34  3:33  Drone  
  38  3:37  Drone  
  38  3:38  Drone  
  40  3:41  Drone  
  40  3:46  Roach  
  43  3:56  Overlord x2  
  43  4:15  Roach x2  
  43  4:16  Roach x4  
  55  4:19  Glial Reconstitution  
  54  4:33  Roach x2  
  54  4:34  Overlord x2  
  58  4:52  Roach  
  58  4:53  Roach x4  
  58  4:59  Roach x2  
  68  5:08  Evolution Chamber  
  68  5:09  Spine Crawler  
  68  5:11  Spine Crawler  
  57  5:27  Roach x5  
  67  5:35  Hydralisk Den  
  66  5:36  Drone  
  66  5:37  Drone  
  68  5:48  Drone  
  69  5:52  Drone x3  
  72  6:02  Hatchery  
  71  6:09  Roach  
  71  6:10  Roach  
  71  6:12  Roach  
  73  6:33  Roach  
  73  6:35  Overlord x3  
  75  6:49  Hatchery  
  75  6:54  Hydralisk x4  
  74  6:58  Muscular Augments  
  82  7:04  Zerg Ground Armor Level 1  
  84  7:08  Roach  
  84  7:10  Roach  
  86  7:30  Hydralisk x2  
  90  7:39  Spore Crawler  
  90  7:41  Spore Crawler  
  90  7:42  Spore Crawler  
  87  7:45  Drone, Spore Crawler  
  87  7:46  Drone x2  
  87  7:50  Hydralisk, Spore Crawler  
  90  7:53  Drone, Spore Crawler  
  90  7:54  Drone  
  89  8:01  Hydralisk  
  89  8:04  Hydralisk  
  93  8:09  Overlord  
  93  8:13  Overlord  
  93  8:19  Overlord  
  93  8:26  Spore Crawler  
  92  8:27  Spore Crawler  
  92  8:28  Drone  
  92  8:30  Drone  
  93  8:37  Queen  
  95  8:42  Grooved Spines  
  95  8:51  Drone  
  95  8:52  Drone x2  
  95  8:53  Drone  
  99  9:04  Spire  
  99  9:09  Evolution Chamber  
  97  9:14  Spore Crawler  
  94  9:24  Queen  
  90  9:39  Drone x11  
  90  9:43  Extractor x2  
  99  9:50  Drone  
  100  10:01  Hydralisk  
  102  10:12  Hatchery  
  95  10:27  Drone x15  
  110  10:31  Extractor  
  110  10:32  Extractor  
  88  10:37  Evolution Chamber  
  67  10:46  Hydralisk  
  67  10:47  Hydralisk  
  69  10:50  Hydralisk  
  69  11:01  Roach  
  69  11:02  Roach x4  
  79  11:16  Mutalisk  
  79  11:17  Mutalisk x9  
  99  11:19  Mutalisk  
  95  11:32  Mutalisk  
  87  11:39  Overseer  
  81  11:42  Roach  
  58  11:58  Zergling x4  
  58  11:59  Zergling x16  
Show
View Real Time Build Order
Export as new Build Order

Totoro Zerg 

Build Orders: Hatch First, Muta Ling Bane 

Get SALT Encoding   

  12  0:00  Drone  
  13  0:12  Overlord  
  13  0:18  Drone  
  14  0:31  Drone x2  
  14  0:34  Drone  
  17  0:56  Hatchery  
  16  0:58  Drone  
  16  1:02  Drone  
  18  1:12  Extractor  
  18  1:16  Spawning Pool  
  16  1:20  Drone  
  16  1:23  Drone  
  18  1:28  Drone  
  19  1:40  Overlord  
  19  1:50  Drone  
  20  2:04  Queen  
  20  2:05  Zergling x2  
  23  2:08  Queen  
  23  2:09  Zergling x2  
  23  2:13  Zergling x2  
  23  2:14  Metabolic Boost  
  27  2:19  Drone  
  28  2:25  Drone  
  28  2:29  Overlord  
  29  2:38  Overlord  
  29  2:41  Overlord  
  30  2:51  Drone x2  
  30  2:58  Drone  
  32  3:02  Zergling x2  
  33  3:15  Zergling x8  
  33  3:16  Zergling x2  
  33  3:19  Overlord, Baneling Nest  
  37  3:36  Drone x4  
  37  3:37  Drone  
  37  3:38  Lair  
  42  3:43  Extractor  
  41  3:49  Zergling x4  
  41  3:55  Zergling x6  
  45  3:59  Overlord x2  
  45  4:04  Drone  
  45  4:09  Baneling  
  46  4:10  Baneling x3  
  46  4:16  Overlord, Zergling x4  
  48  4:26  Zergling x6  
  49  4:47  Zergling x8  
  49  4:48  Zergling x4  
  54  4:57  Spire  
  53  5:00  Zergling x4  
  53  5:05  Zergling x2  
  49  5:30  Extractor, Drone x2  
  49  5:31  Extractor, Drone x7  
  56  5:41  Drone x2  
  58  5:53  Queen  
  58  5:56  Hatchery  
  59  6:03  Drone  
  59  6:04  Overlord, Drone x3  
  62  6:12  Zerg Flyer Weapons Level 1  
  62  6:13  Mutalisk x2  
  62  6:16  Mutalisk  
  68  6:21  Mutalisk  
  70  6:27  Drone x3  
  70  6:29  Drone  
  70  6:34  Mutalisk  
  72  6:42  Spore Crawler  
  72  6:43  Spore Crawler  
  72  6:46  Overlord, Mutalisk  
  72  6:56  Mutalisk x2  
  76  7:03  Mutalisk x2  
  80  7:09  Overlord x2  
  80  7:14  Mutalisk  
  80  7:15  Overseer  
  82  7:24  Mutalisk  
  83  7:43  Zergling x2  
  83  7:44  Zergling x2, Centrifical Hooks  
  85  7:54  Hatchery  
  84  7:59  Mutalisk x2  
  88  8:06  Zergling x2  
  88  8:07  Overlord x4, Zergling x4  
  88  8:08  Zergling x2  
  92  8:19  Zergling x12  
  98  8:25  Evolution Chamber  
  97  8:28  Evolution Chamber  
  97  8:29  Pneumatized Carapace  
  96  8:36  Baneling x3  
  96  8:37  Baneling x6  
  96  8:46  Zergling x6  
  96  8:47  Zergling x4  
  101  8:54  Zergling x8  
  105  9:03  Mutalisk x2  
  107  9:10  Mutalisk x2  
  109  9:41  Zerg Ground Armor Level 1  
  109  9:42  Zerg Melee Weapons Level 1  
  109  9:44  Queen  
  111  9:47  Drone x9  
  111  9:48  Drone x2  
  122  9:55  Zerg Flyer Weapons Level 2  
  122  10:04  Baneling x2  
  122  10:08  Overseer x2  
  90  10:23  Zergling x18  
  90  10:24  Zergling x6  
  100  10:37  Zergling x4  
  100  10:38  Zergling x12  
  106  10:55  Zergling x2  
  106  10:56  Zergling x10  
  111  11:10  Drone x2  
  113  11:12  Mutalisk x6  
  113  11:13  Mutalisk  
  127  11:22  Mutalisk x2  
  130  11:37  Extractor x2  
  126  11:50  Mutalisk x3  
  129  12:00  Zergling x2  
  135  12:09  Spore Crawler  
Show
View Real Time Build Order
Export as new Build Order

Axdii Terran 

Build Orders: Reaper Expand 

Get SALT Encoding   

  12  0:02  SCV  
  13  0:14  SCV  
  13  0:19  Supply Depot  
  14  0:26  SCV  
  15  0:40  SCV  
  15  0:42  Barracks  
  16  0:53  SCV  
  17  0:57  Refinery  
  17  1:08  SCV  
  18  1:20  SCV  
  19  1:34  Orbital Command  
  19  1:40  Reaper  
  19  1:43  Command Center  
  20  2:14  SCV  
  21  2:27  Refinery  
  21  2:46  Factory  
  21  2:52  Barracks Reactor  
  21  3:08  SCV x2  
  22  3:20  SCV x2  
  24  3:32  SCV  
  25  3:40  Supply Depot  
  25  3:41  SCV  
  25  3:43  Hellion x2  
  25  3:44  SCV  
  31  3:53  SCV  
  32  3:56  SCV  
  32  3:57  Command Center  
  33  4:04  Hellion  
  33  4:05  Hellion  
  33  4:09  SCV  
  38  4:15  SCV  
  39  4:21  SCV  
  40  4:26  Hellion x2  
  40  4:27  SCV  
  49  5:17  Cyclone  
  49  5:18  Cyclone  
  47  5:33  SCV x3  
  50  5:45  SCV x2  
  50  5:46  SCV, Supply Depot  
  50  5:47  Supply Depot  
  50  5:48  Supply Depot, Refinery  
  53  5:50  Cyclone x2  
  59  5:57  SCV  
  59  5:58  SCV  
  59  5:59  Factory  
  61  6:08  SCV  
  61  6:09  SCV, Supply Depot  
  63  6:11  Supply Depot  
  63  6:14  Factory, Supply Depot  
  64  6:18  SCV  
  64  6:20  SCV  
  64  6:22  SCV  
  64  6:23  Cyclone x2, Refinery  
  72  6:55  Cyclone  
  72  6:56  Cyclone  
  72  6:58  Barracks Tech Lab, Starport  
  78  7:23  Armory  
  78  7:24  Armory  
  78  7:48  Factory Tech Lab  
  78  7:49  Factory Tech Lab  
  78  8:03  SCV x3  
  81  8:09  Siege Tank  
  81  8:10  Siege Tank  
  83  8:15  SCV x2  
  83  8:16  SCV  
  83  8:31  Banshee  
  78  8:41  Terran Vehicle And Ship Armor Level 1, Terran Vehicle Weapons Level 1  
  78  8:42  Siege Tank x2  
  84  8:58  Cyclone  
  87  9:09  Cloaking Field  
  87  9:14  Siege Tank x2  
  93  9:57  Command Center  
  93  10:35  Banshee  
  94  11:09  Cyclone x4  
  100  11:41  Cyclone x3  
Tags
 
Add a new tag
Caveats
  • Supply blocks, unpowered buildings, or Contaminate may cause inaccurate times.
  • Supply counts are checked every 10 seconds.